 Dungeon Crawl Stone Soup version 0.32-a0-43-g058985b (webtiles) character file.

Game seed: 17241329777563688415

18 staltz the Apothecary (level 2, 21/21 HPs)
             Began as a Djinni Hedge Wizard on Apr 16, 2023.
             Quit the game on level 1 of the Dungeon on Feb 4, 2024.
             The game lasted 00:05:50 (393 turns).

staltz the Apothecary (Djinni Hedge Wizard)          Turns: 393, Time: 00:05:50

Health: 21/21      AC:  2    Str:  9    XL:     2   Next: 90%
Gold:   27         EV: 12    Int: 15    God:
                   SH:  0    Dex: 12

rFire   + + .        a - +0 dagger
rCold   x . .        (no shield)
rNeg    . . .        b - +0 robe
rPois   ∞            c - +0 hat
rElec   .            (no cloak)
rCorr   .            (no gloves)
SInv    .            (boots unavailable)
Will    .....        (no amulet)
Stlth   ++           (no ring)
HPRegen 0.23/turn    (no ring)
MPRegen 0.00/turn

%: no passive effects
@: flying
A: sickness immunity, fire resistance 2, cold vulnerability 1, float, innate
caster, HP casting, extra vitality 1
a: no special abilities


You were on level 1 of the Dungeon.
You visited 1 branch of the dungeon, and saw 1 of its levels.

You collected 27 gold pieces.

Inventory:

Hand Weapons
 a - a +0 dagger (weapon)
Armour
 b - a +0 robe (worn)
 c - a +0 hat (worn)
Scrolls
 d - a scroll of identify {unknown}
 f - a scroll of teleportation {unknown}
Potions
 e - 2 potions of berserk rage {unknown}


   Skills:
 + Level 2.6 Dodging
 + Level 2.0 Stealth
 + Level 2.5 Spellcasting
 + Level 2.5 Conjurations
 + Level 2.5 Hexes
 + Level 2.5 Summonings
 + Level 2.5 Necromancy
 + Level 2.5 Translocations
 + Level 2.5 Fire Magic
 + Level 2.5 Ice Magic
 + Level 2.5 Air Magic
 + Level 2.5 Earth Magic
 + Level 3.8 Alchemy


You knew the following spells:

 Your Spells              Type           Power      Damage    Failure   Level
a - Magic Dart            Conj           36%        1d4       8%          1
b - Slow                  Hex            36%        N/A       8%          1
c - Blink                 Tloc           18%        N/A       11%         2
d - Call Imp              Summ           18%        N/A       11%         2
e - Mephitic Cloud        Conj/Alch/Air  10%        N/A       19%         3
Your spell library was empty.

Dungeon Overview and Level Annotations

Branches:
Dungeon (1/15)

Altars:

Shops:
D:1 (=[


Innate Abilities, Weirdness & Mutations

You are immune to sickness and miasma.
You are immune to poison.
Your flesh is very heat resistant. (rF++)
You are vulnerable to cold. (rC-)
You float through the air rather than walking.
You learn spells naturally, not from books.
Your magical power is your life essence.
You have superior vitality. (+4 MHP)


Message History

Aiming: Magic Dart (safe; 7% risk of failure)
Press: ? - help, Shift-Dir - straight line, f/p - goblin
Aim: a goblin, wielding a +0 dagger (heavily wounded, 100% to hit)
The magic dart hits the goblin.
You kill the goblin!
A hobgoblin comes into view.
Casting: Magic Dart (safe; 7% risk of failure)
Confirm with . or Enter, or press ? or * to list all spells.
Aiming: Magic Dart (safe; 7% risk of failure)
Press: ? - help, Shift-Dir - straight line, f - hobgoblin
Aim: a hobgoblin (100% to hit)
The magic dart hits the hobgoblin but does no damage.
Casting: Magic Dart (safe; 7% risk of failure)
Confirm with . or Enter, or press ? or * to list all spells.
Aiming: Magic Dart (safe; 7% risk of failure)
Press: ? - help, Shift-Dir - straight line, f/p - hobgoblin
Aim: a hobgoblin (100% to hit)
The magic dart hits the hobgoblin.
You kill the hobgoblin!
You start resting.
HP restored.
There is an entrance to Xetoeh's Weapon Boutique here.
Unknown command.
Unknown command.
Unknown command.
Welcome back, staltz the Djinni Hedge Wizard.
Press ? for a list of commands and other information.
Welcome back, staltz the Djinni Hedge Wizard.
Press ? for a list of commands and other information.
Welcome back, staltz the Djinni Hedge Wizard.
Press ? for a list of commands and other information.
Welcome back, staltz the Djinni Hedge Wizard.
Press ? for a list of commands and other information.
Your Transmutations skill increases to level 3!
Your Alchemy skill increases to level 3!
Welcome back, staltz the Djinni Hedge Wizard.
Press ? for a list of commands and other information.
Welcome back, staltz the Djinni Hedge Wizard.
Press ? for a list of commands and other information.
Are you sure you want to abandon this character and quit the game? (Confirm with "yes".)

#...... .. #...... ...
#...... .... ###
#..P~~. ....# ....
#..~≈~~ ...###
####..... #..~~≈~ ...#
#... .... #..~~~≈
#.###.##..... ...~~~≈
#....@...†).. ..#.≈~~≈
##..#.#.........#.≈~~~
###..# ###... ≈~
#.######.# #.###....#
P #...#.########..
###>...........
########.....##
......).......#


There were no monsters in sight!

Vanquished Creatures
  2 ball pythons (D:1)
  2 bats (D:1)
  An endoplasm (D:1)
  A giant cockroach (D:1)
  3 goblins (D:1)
  3 hobgoblins (D:1)
  A frilled lizard (D:1)
  2 kobolds (D:1)
15 creatures vanquished.

Notes
Turn   | Place    | Note
-------+----------+-------------------------------------------
     0 | D:1      | staltz the Djinni Hedge Wizard began the quest for the Orb.
     0 | D:1      | staltz set off with the following spells memorised: Magic
                  | Dart, Slow, Blink, Call Imp, Mephitic Cloud.
     0 | D:1      | Reached XP level 1. HP: 15/15 MP: 0/0
   137 | D:1      | Found Fapizxim's Antique Armour Boutique.
   206 | D:1      | Reached XP level 2. HP: 20/21 MP: 0/0
   245 | D:1      | Found Toqog's Jewellery Boutique.
   330 | D:1      | Found Xetoeh's Weapon Boutique.
   393 | D:1      | Upgraded the game from 0.30-a0-916-g9813417 to
                  | 0.31-a0-691-g409c26a
   393 | D:1      | Upgraded the game from 0.31-a0-691-g409c26a to
                  | 0.31-a0-700-gf135852
   393 | D:1      | Upgraded the game from 0.31-a0-700-gf135852 to
                  | 0.31-a0-851-g7ff8af7
   393 | D:1      | Upgraded the game from 0.31-a0-851-g7ff8af7 to
                  | 0.32-a0-43-g058985b
   393 | D:1      | Quit the game

Illustrated notes

Levels and vault maps discovered:
D:1:      giann_bridges, layout_basic, serial_shops, shop_statue,
          nicolae_shop_behind_doors, shop, nicolae_shop_crystal,
          hellmonk_ecumenical_altar_inner_sanctum

Skill      XL: |  1  2 |
---------------+-------+-----
Stealth        | 2 |  2.0
Transmutations | 3 |  0.0
Alchemy        | 3 |  3.8
Dodging        | |  2.6
Spellcasting   | |  2.5
Conjurations   | |  2.5
Hexes          | |  2.5
Summonings     | |  2.5
Necromancy     | |  2.5
Translocations | |  2.5
Fire Magic     | |  2.5
Ice Magic      | |  2.5
Air Magic      | |  2.5
Earth Magic    | |  2.5

Action                     || total
---------------------------++-------
  Melee: Dagger            ||     9
   Cast: Magic Dart        ||    33
 Armour: Robe              ||     4
  Dodge: Dodged            ||    10

Table legend: (Time is in decaauts)
 A = Elapsed time spent in this place.
 B = Non-inter-level travel time spent in this place.
 C = Inter-level travel time spent in this place.
 D = Time resting spent in this place.
 E = Time spent auto-exploring this place.
 F = Levels seen in this place.
 G = Mean time per level.
                   A        B        C        D        E       F      G
               +--------+--------+--------+--------+--------+-----+--------+
         Total |    393 |    393 |      0 |     76 |    219 |   1 |  393.0 |
       Dungeon |    393 |    393 |      0 |     76 |    219 |   1 |  393.0 |
               +--------+--------+--------+--------+--------+-----+--------+

Top non-repeatable levels by time:
     D:1: 393 daAuts
